TOP OF THE 1ST |
Vermont Lake Monsters batting - Pitching for Mahoning Valley Scrappers : RHP Mario Trujillo
|
Pitching: RHP Zach Robbins
|
|
Batting: LHB Larry Prey
|
0-0: Ball 1-0: Ground out U3 (Groundball, 3L, EV 85.6 MPH)
|
Batting: RHB Tony Moran
|
0-0: Ball 1-0: SINGLE (Groundball, 56S, EV 74.4 MPH) (infield hit)
|
Batting: LHB Billy Schultz
|
0-0: Ball Tony Moran steals 2nd base 1-0: Ball 2-0: Ball Balk! Tony Moran to third 3-0: Called Strike 3-1: Base on Balls
|
Batting: RHB Ricardo Mariscal
|
0-0: Ball Billy Schultz steals 2nd base 1-0: Ball 2-0: Ground out 6-3 (Groundball, 6, EV 105.6 MPH) Tony Moran scores
|
Batting: RHB Casey Nicita
|
0-0: Ball 1-0: Foul Ball, location: 2F 1-1: Fly out, F4 (Flyball, 34D, EV 88.8 MPH)
|
Top of the 1st over - 1 run, 1 hit, 0 errors, 1 left on base; Vermont 1 - Mahoning Valley 0 |
BOTTOM OF THE 1ST |
Mahoning Valley Scrappers batting - Pitching for Vermont Lake Monsters : RHP David Mejia
|
Pitching: RHP David Mejia
|
|
Batting: RHB Jonathan Underhill
|
0-0: Ball 1-0: Called Strike 1-1: Ball 2-1: Ball 3-1: Called Strike 3-2: Foul Ball, location: 2F 3-2: Base on Balls
|
Batting: RHB Jorge Valles
|
0-0: Ball 1-0: Fly out, F7 (Line Drive, 7, EV 92.5 MPH)
|
Batting: RHB Mike Sims
|
0-0: Called Strike 0-1: SINGLE (Line Drive, 9S, EV 96.2 MPH) Jonathan Underhill to second Runner from 2nd tries for 3rd, SAFE, throw by RF made to third
|
Batting: SHB Charlie Diesel
|
0-0: Called Strike 0-1: Foul Ball, location: 2F 0-2: Ball 1-2: Ball 2-2: Strikes out looking
|
Batting: LHB Tommy Williams
|
0-0: Ball 1-0: Fly out, F7 (Flyball, 7LM, EV 90.6 MPH)
|
Bottom of the 1st over - 0 runs, 1 hit, 0 errors, 2 left on base; Vermont 1 - Mahoning Valley 0 |
TOP OF THE 2ND |
Vermont Lake Monsters batting - Pitching for Mahoning Valley Scrappers : RHP Zach Robbins
|
Batting: SHB Mike Jorgenson
|
0-0: Ball 1-0: Foul Ball, location: 2F 1-1: SINGLE (Flyball, 8RM, EV 93.8 MPH)
|
Batting: RHB Jose Marquez
|
0-0: Called Strike Mike Jorgenson steals 2nd base 0-1: Ball 1-1: Foul Ball, location: 2F 1-2: Ball 2-2: Ground out 5-3 (Groundball, 56, EV 85.0 MPH)
|
Batting: RHB Hidetada Iba
|
0-0: Ball 1-0: Called Strike 1-1: Ball 2-1: Swinging Strike 2-2: Ball 3-2: Base on Balls
|
Batting: RHB Antonio Bautista
|
0-0: Ball 1-0: Ball 2-0: Swinging Strike 2-1: Grounds into double play, 5-4-3 (Groundball, 5, EV 100.0 MPH)
|
Top of the 2nd over - 0 runs, 1 hit, 0 errors, 1 left on base; Vermont 1 - Mahoning Valley 0 |
BOTTOM OF THE 2ND |
Mahoning Valley Scrappers batting - Pitching for Vermont Lake Monsters : RHP David Mejia
|
Batting: RHB Zachary Sidney
|
0-0: Ball 1-0: Ground out 6-3 (Groundball, 6S, EV 65.0 MPH)
|
Batting: RHB Edolf Vlemmings
|
0-0: Ground out 4-3 (Groundball, 4M, EV 98.8 MPH)
|
Batting: RHB Egidius Kruger
|
0-0: SINGLE (Line Drive, 7S, EV 92.5 MPH)
|
Batting: LHB Manny Caldera
|
0-0: Ball 1-0: Ball 2-0: Ball 3-0: Swinging Strike 3-1: Called Strike 3-2: SINGLE (Line Drive, 6M, EV 103.8 MPH) Egidius Kruger to second Egidius Kruger to third
|
Batting: RHB Jonathan Underhill
|
0-0: Ball 1-0: Ball 2-0: Called Strike 2-1: Ball 3-1: Foul Ball, location: 2F 3-2: Foul Ball, location: 2F 3-2: Foul Ball, location: 2F 3-2: Fly out, F7 (Flyball, 7, EV 90.0 MPH)
|
Bottom of the 2nd over - 0 runs, 2 hits, 0 errors, 2 left on base; Vermont 1 - Mahoning Valley 0 |
TOP OF THE 3RD |
Vermont Lake Monsters batting - Pitching for Mahoning Valley Scrappers : RHP Zach Robbins
|
Batting: LHB Larry Prey
|
0-0: Called Strike 0-1: Foul Ball, location: 2F 0-2: Ball 1-2: Ball 2-2: Foul Ball, location: 2F 2-2: Foul Ball, location: 2F 2-2: SINGLE (Groundball, 34D, EV 103.1 MPH) (infield hit)
|
Batting: RHB Tony Moran
|
0-0: Called Strike Larry Prey steals 2nd base 0-1: Foul Ball, location: 2F 0-2: Foul Ball, location: 2F 0-2: Ball 1-2: SINGLE (Line Drive, 8LS, EV 98.1 MPH) Larry Prey to third Runner from 3rd tries for Home, SAFE, throw by CF to home
|
Batting: LHB Billy Schultz
|
0-0: Ball 1-0: Ball 2-0: Foul Ball, location: 2F 2-1: Ball Tony Moran steals 2nd base 3-1: SINGLE (Groundball, 3D, EV 99.4 MPH) Tony Moran to third Runner from 3rd tries for Home, SAFE, throw by RF to home
|
Batting: RHB Ricardo Mariscal
|
0-0: Called Strike Billy Schultz steals 2nd base 0-1: Foul Ball, location: 2F 0-2: Ball 1-2: 2-RUN HOME RUN (Line Drive, 8LXD, EV 116.9 MPH), Distance : 462 ft
|
Batting: RHB Casey Nicita
|
0-0: Ball 1-0: Foul Ball, location: 2F 1-1: Ball 2-1: Ball 3-1: Base on Balls
|
Batting: SHB Mike Jorgenson
|
0-0: Foul Ball, location: 2F Balk! Casey Nicita to second 0-1: Foul Ball, location: 2F 0-2: Foul Ball, location: 2F 0-2: Ball 1-2: Ball 2-2: Ball Balk! Casey Nicita to third 3-2: Foul Ball, location: 2F 3-2: Base on Balls
|
Pitching: RHP Richie Schraven
|
|
Batting: RHB Jose Marquez
|
0-0: Called Strike Mike Jorgenson steals 2nd base 0-1: DOUBLE (Groundball, 5L, EV 109.4 MPH) Casey Nicita scores Mike Jorgenson scores
|
Batting: RHB Hidetada Iba
|
0-0: Ball 1-0: Ball 2-0: Called Strike 2-1: Ball 3-1: Base on Balls
|
Batting: RHB Antonio Bautista
|
0-0: Grounds into double play, 5-4-3 (Groundball, 56S, EV 79.4 MPH) Jose Marquez to third
|
Batting: LHB Larry Prey
|
0-0: Ball 1-0: Called Strike 1-1: Ball 2-1: Ball 3-1: Swinging Strike 3-2: Base on Balls
|
Batting: RHB Tony Moran
|
0-0: Foul Ball, location: 2F 0-1: Foul Ball, location: 2F 0-2: Ball 1-2: Ball 2-2: Ball Wild Pitch! Jose Marquez scores Larry Prey to second 3-2: Foul Ball, location: 2F 3-2: Foul Ball, location: 2F 3-2: Ground out 5-3 (Groundball, 56, EV 88.8 MPH)
|
Top of the 3rd over - 7 runs, 5 hits, 0 errors, 1 left on base; Vermont 8 - Mahoning Valley 0 |
BOTTOM OF THE 3RD |
Mahoning Valley Scrappers batting - Pitching for Vermont Lake Monsters : RHP David Mejia
|
Batting: RHB Jorge Valles
|
0-0: Called Strike 0-1: Foul Ball, location: 2F 0-2: Strikes out swinging
|
Batting: RHB Mike Sims
|
0-0: SINGLE (Groundball, 56S, EV 66.9 MPH) (infield hit)
|
Batting: SHB Charlie Diesel
|
0-0: Called Strike 0-1: Foul Ball, location: 2F 0-2: Grounds into double play, 6-4-3 (Groundball, 6, EV 103.1 MPH)
|
Bottom of the 3rd over - 0 runs, 1 hit, 0 errors, 0 left on base; Vermont 8 - Mahoning Valley 0 |
TOP OF THE 4TH |
Vermont Lake Monsters batting - Pitching for Mahoning Valley Scrappers : RHP Richie Schraven
|
Batting: LHB Billy Schultz
|
0-0: Foul Ball, location: 2F 0-1: Called Strike 0-2: Ball 1-2: Ground out 4-3 (Groundball, 34, EV 84.4 MPH)
|
Batting: RHB Ricardo Mariscal
|
0-0: Ball 1-0: Ball 2-0: Ball 3-0: Base on Balls
|
Batting: RHB Casey Nicita
|
0-0: Ball Ricardo Mariscal steals 2nd, throwing error, E2 Ricardo Mariscal to third 1-0: Ground out 6-3 (Groundball, 6, EV 108.1 MPH) Ricardo Mariscal scores
|
Batting: SHB Mike Jorgenson
|
0-0: Ball 1-0: Called Strike 1-1: SOLO HOME RUN (Line Drive, 89XD, EV 115.0 MPH), Distance : 424 ft
|
Batting: RHB Jose Marquez
|
0-0: Called Strike 0-1: Called Strike 0-2: Ground out 1-3 (Groundball, 34S, EV 68.8 MPH)
|
Top of the 4th over - 2 runs, 1 hit, 1 error, 0 left on base; Vermont 10 - Mahoning Valley 0 |
BOTTOM OF THE 4TH |
Mahoning Valley Scrappers batting - Pitching for Vermont Lake Monsters : RHP David Mejia
|
Batting: LHB Tommy Williams
|
0-0: Called Strike 0-1: Ball 1-1: Foul Ball, location: 2F 1-2: Ball 2-2: DOUBLE (Groundball, 5L, EV 103.1 MPH)
|
Batting: RHB Zachary Sidney
|
0-0: SINGLE (Line Drive, 6D, EV 101.2 MPH) Tommy Williams to third
|
Batting: RHB Edolf Vlemmings
|
0-0: Fly out, F8 (Line Drive, 8LD, EV 93.8 MPH) Runner from 3rd tags up, SCORES, throw by CF
|
Batting: RHB Egidius Kruger
|
0-0: Ball Wild Pitch! Zachary Sidney to second 1-0: Foul Ball, location: 2F 1-1: Foul Ball, location: 2F 1-2: Ball 2-2: Foul Ball, location: 2F 2-2: Foul Ball, location: 2F 2-2: Ball 3-2: Strikes out swinging wild pitch, reaches first! Zachary Sidney to third
|
Batting: LHB Manny Caldera
|
0-0: Called Strike 0-1: Ball 1-1: Called Strike 1-2: Ball 2-2: Foul Ball, location: 2F 2-2: Ball 3-2: Base on Balls Egidius Kruger to second
|
Batting: RHB Jonathan Underhill
|
0-0: Ball 1-0: Ball 2-0: Ball 3-0: Base on Balls Zachary Sidney scores Egidius Kruger to third Manny Caldera to second
|
Batting: RHB Jorge Valles
|
0-0: Ball 1-0: Called Strike 1-1: GRAND SLAM HOME RUN (Line Drive, 9LD, EV 95.6 MPH), Distance : 340 ft
|
Pitching: RHP Eddie Carrasco
|
|
Batting: RHB Mike Sims
|
0-0: Ball 1-0: Swinging Strike 1-1: Called Strike 1-2: Ball 2-2: Strikes out swinging
|
Batting: SHB Charlie Diesel
|
0-0: Called Strike 0-1: Called Strike 0-2: Foul Ball, location: 2F 0-2: Ground out 5-3 (Groundball, 5S, EV 73.1 MPH)
|
Bottom of the 4th over - 6 runs, 3 hits, 0 errors, 0 left on base; Vermont 10 - Mahoning Valley 6 |
TOP OF THE 5TH |
Vermont Lake Monsters batting - Pitching for Mahoning Valley Scrappers : RHP Richie Schraven
|
Batting: RHB Hidetada Iba
|
0-0: SINGLE (Groundball, 4MD, EV 110.6 MPH)
|
Batting: RHB Antonio Bautista
|
0-0: Ball 1-0: Ball 2-0: Fly out, F7 (Flyball, BS2, EV 91.9 MPH)
|
Batting: LHB Larry Prey
|
0-0: Ball Hidetada Iba steals 2nd base 1-0: Ball 2-0: Fly out, F4 (Popup, 4, EV 61.2 MPH)
|
Batting: RHB Tony Moran
|
0-0: Ball 1-0: Ball 2-0: Ball 3-0: Called Strike 3-1: Called Strike 3-2: Base on Balls
|
Batting: LHB Billy Schultz
|
0-0: Called Strike 0-1: 3-RUN HOME RUN (Flyball, 9D, EV 96.9 MPH), Distance : 367 ft
|
Batting: RHB Ricardo Mariscal
|
0-0: Ground out 1-3 (Groundball, 15S, EV 66.2 MPH)
|
Top of the 5th over - 3 runs, 2 hits, 0 errors, 0 left on base; Vermont 13 - Mahoning Valley 6 |
BOTTOM OF THE 5TH |
Mahoning Valley Scrappers batting - Pitching for Vermont Lake Monsters : RHP Eddie Carrasco
|
Batting: LHB Tommy Williams
|
0-0: Ball 1-0: Ground out 3-1 (Groundball, 3L, EV 104.4 MPH)
|
Batting: RHB Zachary Sidney
|
0-0: Ball 1-0: Called Strike 1-1: Swinging Strike 1-2: Foul Ball, location: 2F 1-2: Ground out 6-3 (Groundball, 6, EV 79.4 MPH)
|
Batting: RHB Edolf Vlemmings
|
0-0: Called Strike 0-1: Ball 1-1: Ball 2-1: SINGLE (Groundball, 56, EV 98.8 MPH)
|
Batting: RHB Egidius Kruger
|
0-0: Ball Edolf Vlemmings is caught stealing 2nd base 2-4
|
Bottom of the 5th over - 0 runs, 1 hit, 0 errors, 0 left on base; Vermont 13 - Mahoning Valley 6 |
TOP OF THE 6TH |
Vermont Lake Monsters batting - Pitching for Mahoning Valley Scrappers : RHP Richie Schraven
|
Batting: RHB Casey Nicita
|
0-0: SOLO HOME RUN (Flyball, 7D, EV 101.2 MPH), Distance : 378 ft
|
Batting: SHB Mike Jorgenson
|
0-0: Ball 1-0: Called Strike 1-1: SINGLE (Groundball, 13S, EV 67.5 MPH) (infield hit)
|
Batting: RHB Jose Marquez
|
0-0: Ball Wild Pitch! Mike Jorgenson to second 1-0: Ball 2-0: Foul Ball, location: 2F 2-1: Ball 3-1: Base on Balls
|
Pitching: LHP Bertrand Preece
|
|
Batting: RHB Hidetada Iba
|
0-0: Swinging Strike 0-1: Swinging Strike 0-2: Foul Ball, location: 2F 0-2: Foul Ball, location: 2F 0-2: Ball Wild Pitch! Mike Jorgenson to third Jose Marquez to second 1-2: Ground out 1-3 (Groundball, 13S, EV 69.4 MPH)
|
Batting: RHB Antonio Bautista
|
0-0: Called Strike 0-1: Ball Balk! Mike Jorgenson scores Jose Marquez to third 1-1: Ball 2-1: Ball 3-1: Base on Balls
|
Batting: LHB Larry Prey
|
0-0: Foul Ball, location: 2F 0-1: Ball 1-1: Ball 2-1: Ball 3-1: Base on Balls Antonio Bautista to second
|
Batting: RHB Tony Moran
|
0-0: Ball 1-0: Ball 2-0: Ball 3-0: Base on Balls Jose Marquez scores Antonio Bautista to third Larry Prey to second
|
Batting: LHB Billy Schultz
|
0-0: Ball 1-0: Ball 2-0: Reached on error, E4 (Groundball, 34D, EV 103.8 MPH) Antonio Bautista scores Larry Prey to third Tony Moran to second
|
Batting: RHB Ricardo Mariscal
|
0-0: Ball 1-0: Foul Ball, location: 2F 1-1: Ball 2-1: Ball 3-1: Foul Ball, location: 2F 3-2: DOUBLE (Line Drive, 8RD, EV 100.6 MPH) Larry Prey scores Tony Moran scores Billy Schultz to third
|
Batting: RHB Casey Nicita
|
0-0: Called Strike 0-1: Ball Wild Pitch! Billy Schultz scores Ricardo Mariscal to third 1-1: Called Strike 1-2: Ball 2-2: Foul Ball, location: 2F 2-2: Ground out U3 (Groundball, 34S, EV 66.2 MPH) Ricardo Mariscal scores
|
Pitching: RHP Casper Kersten
|
|
Batting: SHB Mike Jorgenson
|
0-0: Called Strike 0-1: Foul Ball, location: 2F 0-2: Ball 1-2: Ball 2-2: Ball 3-2: Single, Error in OF, E9, batter to second base (Groundball, 34D, EV 108.8 MPH)
|
Batting: RHB Jose Marquez
|
0-0: Ball 1-0: Ground out 5-3 (Groundball, 56, EV 86.9 MPH)
|
Top of the 6th over - 8 runs, 4 hits, 2 errors, 1 left on base; Vermont 21 - Mahoning Valley 6 |
BOTTOM OF THE 6TH |
Mahoning Valley Scrappers batting - Pitching for Vermont Lake Monsters : RHP Eddie Carrasco
|
Batting: RHB Egidius Kruger
|
0-0: Ball 1-0: Ball 2-0: Ball 3-0: Called Strike 3-1: SINGLE (Line Drive, 56D, EV 96.2 MPH)
|
Batting: LHB Manny Caldera
|
0-0: Ball 1-0: Called Strike 1-1: SINGLE (Groundball, 13, EV 88.8 MPH) (infield hit) Egidius Kruger to second
|
Batting: RHB Jonathan Underhill
|
0-0: Ball 1-0: Ball 2-0: Ball 3-0: Base on Balls Egidius Kruger to third Manny Caldera to second
|
Batting: RHB Jorge Valles
|
0-0: Fielders Choice at 2nd, 3-6 (Groundball, 34S, EV 87.5 MPH) Egidius Kruger scores Manny Caldera to third
|
Batting: RHB Mike Sims
|
0-0: Called Strike 0-1: Ball 1-1: Ball Jorge Valles is caught stealing 2nd base 2-4 2-1: Foul Ball, location: 2F 2-2: Foul Ball, location: 2F 2-2: Ball 3-2: Foul Ball, location: 2F 3-2: Fly out, F7 (Flyball, 78D, EV 79.4 MPH)
|
Bottom of the 6th over - 1 run, 2 hits, 0 errors, 1 left on base; Vermont 21 - Mahoning Valley 7 |
TOP OF THE 7TH |
Vermont Lake Monsters batting - Pitching for Mahoning Valley Scrappers : RHP Casper Kersten
|
Batting: RHB Hidetada Iba
|
0-0: Ball 1-0: Swinging Strike 1-1: Fly out, F9 (Flyball, 9LM, EV 89.4 MPH)
|
Batting: RHB Antonio Bautista
|
0-0: Foul Ball, location: 2F 0-1: Ball 1-1: Foul Ball, location: 2F 1-2: SINGLE (Groundball, 6MD, EV 98.1 MPH)
|
Pinch Hitting: RHB Justin Menotti
|
0-0: Foul Ball, location: 2F 0-1: Called Strike 0-2: Fielders Choice at 2nd, 6-4 (Groundball, 6, EV 97.5 MPH)
|
Batting: RHB Tony Moran
|
0-0: Called Strike 0-1: Foul Ball, location: 2F 0-2: Ball 1-2: Ball 2-2: Foul Ball, location: 2F 2-2: Foul Ball, location: 2F 2-2: Ball Wild Pitch! Justin Menotti to second 3-2: Base on Balls
|
Batting: LHB Billy Schultz
|
0-0: Ball 1-0: Foul Ball, location: 2F 1-1: Ball 2-1: Ball 3-1: Called Strike 3-2: Foul Ball, location: 2F 3-2: Ground out 4-3 (Groundball, 4S, EV 71.9 MPH)
|
Top of the 7th over - 0 runs, 1 hit, 0 errors, 2 left on base; Vermont 21 - Mahoning Valley 7 |
BOTTOM OF THE 7TH |
Mahoning Valley Scrappers batting - Pitching for Vermont Lake Monsters : RHP Eddie Carrasco
|
Now at 3B: Justin Menotti
|
|
Pinch Hitting: RHB Edite Leoni
|
0-0: Ground out 6-3 (Groundball, 6, EV 88.8 MPH)
|
Batting: LHB Tommy Williams
|
0-0: Called Strike 0-1: Foul Ball, location: 2F 0-2: Hit by Pitch
|
Batting: RHB Zachary Sidney
|
0-0: Foul Ball, location: 2F 0-1: SINGLE (Groundball, 6D, EV 99.4 MPH) Tommy Williams to second Tommy Williams to third
|
Pinch Hitting: SHB John Gernaat
|
0-0: Called Strike 0-1: Called Strike 0-2: Strikes out swinging
|
Pinch Hitting: RHB Ricky Trejo
|
0-0: Foul Ball, location: 2F 0-1: Called Strike 0-2: Fielders Choice at 2nd, 5-4 (Groundball, 56, EV 108.8 MPH)
|
Bottom of the 7th over - 0 runs, 1 hit, 0 errors, 2 left on base; Vermont 21 - Mahoning Valley 7 |
TOP OF THE 8TH |
Vermont Lake Monsters batting - Pitching for Mahoning Valley Scrappers : RHP Casper Kersten
|
Now at 1B: Edite Leoni
|
|
Now at 3B: Ricky Trejo
|
|
Now in CF: John Gernaat
|
|
Batting: RHB Ricardo Mariscal
|
0-0: Foul Ball, location: 2F 0-1: Foul Ball, location: 2F 0-2: Ground out 2-3 (Groundball, 2L, EV 72.5 MPH)
|
Batting: RHB Casey Nicita
|
0-0: Ball 1-0: Fly out, F9 (Flyball, 9, EV 90.6 MPH)
|
Batting: SHB Mike Jorgenson
|
0-0: Called Strike 0-1: Ground out 6-3 (Groundball, 6, EV 89.4 MPH)
|
Top of the 8th over - 0 runs, 0 hits, 0 errors, 0 left on base; Vermont 21 - Mahoning Valley 7 |
BOTTOM OF THE 8TH |
Mahoning Valley Scrappers batting - Pitching for Vermont Lake Monsters : RHP Eddie Carrasco
|
Batting: LHB Manny Caldera
|
0-0: Called Strike 0-1: Ball 1-1: Fly out, F9 (Flyball, 9S, EV 95.6 MPH)
|
Batting: RHB Jonathan Underhill
|
0-0: Ball 1-0: Called Strike 1-1: Foul Ball, location: 2F 1-2: Ground out 6-3 (Groundball, 6, EV 86.9 MPH)
|
Batting: RHB Jorge Valles
|
0-0: Called Strike 0-1: Foul Ball, location: 2F 0-2: Ball 1-2: Ground out 5-3 (Groundball, 56, EV 105.0 MPH)
|
Bottom of the 8th over - 0 runs, 0 hits, 0 errors, 0 left on base; Vermont 21 - Mahoning Valley 7 |
TOP OF THE 9TH |
Vermont Lake Monsters batting - Pitching for Mahoning Valley Scrappers : RHP Casper Kersten
|
Batting: RHB Jose Marquez
|
0-0: Ball 1-0: Ball 2-0: Foul Ball, location: 2F 2-1: Foul Ball, location: 2F 2-2: Ball 3-2: SINGLE (Groundball, 4MD, EV 100.0 MPH)
|
Batting: RHB Hidetada Iba
|
0-0: Ball 1-0: Ball Wild Pitch! Jose Marquez to second 2-0: Swinging Strike 2-1: Ball 3-1: Base on Balls
|
Pitching: RHP Tibalt Sklavenitis
|
|
Batting: RHB Antonio Bautista
|
0-0: Called Strike 0-1: Swinging Strike 0-2: Ball 1-2: Fly out, F2 (Popup, 23F, EV 79.4 MPH)
|
Pinch Hitting: RHB Travis Lanctot
|
0-0: Called Strike 0-1: Fly out, F9 (Flyball, 9S, EV 75.6 MPH)
|
Batting: RHB Tony Moran
|
0-0: Ball 1-0: Called Strike 1-1: Ball 2-1: Hit by Pitch Jose Marquez to third Hidetada Iba to second
|
Batting: LHB Billy Schultz
|
0-0: GRAND SLAM HOME RUN (Flyball, 9D, EV 97.5 MPH), Distance : 366 ft
|
Batting: RHB Ricardo Mariscal
|
0-0: Ball 1-0: Foul Ball, location: 2F 1-1: Ground out 4-3 (Groundball, 4S, EV 73.8 MPH)
|
Top of the 9th over - 4 runs, 2 hits, 0 errors, 0 left on base; Vermont 25 - Mahoning Valley 7 |
BOTTOM OF THE 9TH |
Mahoning Valley Scrappers batting - Pitching for Vermont Lake Monsters : RHP Eddie Carrasco
|
Now at 3B: Travis Lanctot
|
|
Batting: RHB Santos Guadalupe
|
0-0: Called Strike 0-1: Ball 1-1: Ground out 4-3 (Groundball, 4M, EV 91.9 MPH)
|
Batting: RHB Edite Leoni
|
0-0: Swinging Strike 0-1: Ball 1-1: Ball 2-1: Ball 3-1: Base on Balls
|
Pitching: RHP Harry Barnes
|
|
Batting: LHB Tommy Williams
|
0-0: Ball 1-0: Called Strike 1-1: Fly out, F7 (Flyball, 7, EV 93.1 MPH)
|
Batting: RHB Zachary Sidney
|
0-0: Foul Ball, location: 2F 0-1: DOUBLE (Line Drive, 9LS, EV 97.5 MPH) Edite Leoni to third
|
Batting: SHB John Gernaat
|
0-0: Ball 1-0: Ball 2-0: Called Strike 2-1: Ball Wild Pitch! Edite Leoni scores Zachary Sidney to third 3-1: Fly out, F7 (Flyball, 78D, EV 88.8 MPH)
|
Bottom of the 9th over - 1 run, 1 hit, 0 errors, 1 left on base; Vermont 25 - Mahoning Valley 8 |
|